 Dungeon Crawl Stone Soup version 0.19.0-2-gae57169 (webtiles) character file.

624 evildog the Cleaver (level 7, -7/52 HPs)
             Began as a Formicid Fighter on Nov 4, 2016.
             Mangled by an orc warrior
             ... wielding a +0 battleaxe
              (16 damage)
             ... on level 4 of the Dungeon.
             The game lasted 00:06:40 (3500 turns).

evildog the Cleaver (Formicid Fighter)              Turns: 3500, Time: 00:06:40

Health: -7/52      AC: 13    Str: 28    XL:     7   Next: 76%
Magic:  7/7        EV:  8    Int:  7    God:
Gold:   74         SH: 10    Dex: 10    Spells: 0 memorised, 6 levels left

rFire  . . .     SeeInvis +     a - +0 war axe
rCold  . . .     Gourm    .     u - +2 scale mail {MR+}
rNeg   . . .     Faith    .     c - +0 shield
rPois  .         Spirit   .     (helmet unavailable)
rElec  .         Reflect  .     o - +0 cloak
rCorr  .         Harm     .     h - +0 pair of gloves
MR     +....                    (no boots)
Stlth  ..........               (no amulet)
                                (no ring)
                                (no ring)

@: mighty
A: permanent stasis, dig shafts and tunnels, four strong arms, antennae 3, icy
blue scales 1
a: Dig, Shaft Self


You were on level 4 of the Dungeon.
You were not hungry.

You visited 1 branch of the dungeon, and saw 4 of its levels.

You collected 74 gold pieces.

Inventory:

Hand Weapons
 a - a +0 war axe (weapon)
Armour
 c - a +0 shield (worn)
 h - a +0 pair of gloves (worn)
 o - a +0 cloak (worn)
 u - a +2 scale mail of magic resistance (worn)
Scrolls
 e - a scroll of immolation {unknown}
 l - 2 scrolls of magic mapping {unknown}
 m - a scroll of fog {unknown}
 r - a scroll of remove curse {unknown}
 s - a scroll of amnesia {unknown}
Potions
 d - a potion of might
 g - a potion of ambrosia {unknown}
 j - a potion of magic
 n - 2 potions of haste {unknown}
 p - a potion of cancellation {unknown}
 q - a potion of flight {unknown}
 t - a potion of heal wounds {unknown}
Comestibles
 f - 4 bread rations
 i - a meat ration


   Skills:
 - Level 3.2 Fighting
 + Level 8.1 Axes
 - Level 3.2 Armour
 - Level 3.6 Shields


You had 6 spell levels left.
You didn't know any spells.

Dungeon Overview and Level Annotations

Branches:
Dungeon (4/15)
 Temple: D:4-7

Altars:
Nemelex Xobeh


Innate Abilities, Weirdness & Mutations

You are under a permanent stasis effect.
You can dig through walls and to a lower floor.
Your four strong arms can wield two-handed weapons with a shield.
You have a pair of large antennae on your head. (SInv)
You are partially covered in icy blue scales. (AC +2)


Message History

The orc warrior throws a tomahawk.
The tomahawk hits you but does no damage.
The orc priest casts a cantrip, but nothing happens.
You see here a tomahawk.
You feel very mighty all of a sudden.
You slash the orc!
You kill the orc!
The orc warrior throws a tomahawk.
The tomahawk closely misses you.
You closely miss the orc priest.
The orc priest begins to cast a cantrip, but forgets the words!
You slice the orc priest!!
You kill the orc priest!
You closely miss the orc warrior. You block the orc warrior's attack.
The orc warrior hits you with a battleaxe!
* * * LOW HITPOINT WARNING * * *
Items here: ) [ †† a ring mail; a short sword; an orc corpse x2
You closely miss the orc warrior.
The orc warrior hits you with a battleaxe!
You die...

#########
#<......#
#######.#####.#
$.......@o(#
.######(##.## {
#((....#
#.(##.....
#.(##.....
#.(##..#.##
#$(##..#.#
#..##..# #
#...........


You could see an orc warrior.

Vanquished Creatures
  Grinder (D:3)
  A sky beast (D:3)
  2 orc priests
  Terence (D:3)
  A worker ant (D:3)
  Robin (D:3)
  7 adders
  A gnoll (D:1)
  An ooze (D:2)
  A worm (D:2)
  5 dart slugs (D:1)
  2 leopard geckos
  10 orcs
  A ball python (D:1)
  10 bats
  7 giant cockroaches
  14 hobgoblins
  A quokka (D:2)
  3 frilled lizards
  13 goblins
  5 kobolds
  11 rats
99 creatures vanquished.

Notes
Turn   | Place    | Note
-------+----------+-------------------------------------------
     0 | D:1      | evildog the Formicid Fighter began the quest for the Orb.
     0 | D:1      | Reached XP level 1. HP: 18/18 MP: 1/1
    44 | D:1      | Reached XP level 2. HP: 21/24 MP: 2/2
   131 | D:1      | Reached skill level 3 in Axes
   209 | D:1      | Reached XP level 3. HP: 20/29 MP: 3/3
   889 | D:2      | Reached skill level 4 in Axes
   889 | D:2      | Reached XP level 4. HP: 35/35 MP: 4/4
  1315 | D:2      | Gained mutation: You are partially covered in icy blue scales. (AC +2) [potion of beneficial mutation]
  1853 | D:2      | Reached XP level 5. HP: 38/41 MP: 5/5
  2028 | D:2      | Found a sparkling altar of Nemelex Xobeh.
  2028 | D:2      | Found a faded altar of an unknown god.
  2036 | D:2      | Reached skill level 5 in Axes
  2041 | D:2      | Found a faded altar of an unknown god.
  2048 | D:2      | Found a faded altar of an unknown god.
  2050 | D:2      | Found a faded altar of an unknown god.
  2222 | D:3      | Noticed Terence
  2238 | D:3      | Killed Terence
  2777 | D:3      | Noticed Grinder
  2789 | D:3      | Killed Grinder
  2789 | D:3      | Reached skill level 7 in Axes
  2789 | D:3      | Reached XP level 6. HP: 28/47 MP: 6/6
  2789 | D:3      | Reached XP level 7. HP: 31/52 MP: 7/7
  3122 | D:3      | Noticed Robin
  3161 | D:3      | Killed Robin
  3336 | D:3      | Reached skill level 8 in Axes
  3500 | D:4      | Mangled by an orc warrior

Skill      XL: |  1  2  3  4  5  6  7 |
---------------+----------------------+-----
Axes           | 3 4 7 8 |  8.1
Fighting       | |  3.2
Armour         | |  3.2
Shields        | |  3.6

Action                   |  1- 3 |  4- 6 |  7- 9 || total
-------------------------+-------+-------+-------++-------
Melee: War axe           |    74 |   178 |    86 ||   338
  Use: Scroll            |       |     4 |       ||     4
       Potion            |       |     2 |     4 ||     6
  Eat: Chunk             |       |     6 |     3 ||     9
Armor: Scale mail        |    31 |    70 |    48 ||   149
Dodge: Dodged            |    39 |    47 |    25 ||   111
Block: Shield            |    41 |    82 |    30 ||   153
